 Dungeon Crawl Stone Soup version 0.20-a0-1126-g0f15420 (webtiles) character file.

80068 scalarboson the Executioner (level 15, -33/143 HPs)
             Began as a Minotaur Berserker on May 17, 2017.
             Was a High Priest of Trog.
             Killed from afar by an orc sorcerer (36 damage)
             ... with a bolt of negative energy
             ... on level 2 of the Orcish Mines.
             The game lasted 00:44:56 (19700 turns).

scalarboson the Executioner (Minotaur Berserker)   Turns: 19700, Time: 00:44:56

Health: -33/143    AC: 16    Str: 27    XL:     15   Next: 22%
Magic:  14/14      EV: 16    Int:  7    God:    Trog [*****.]
Gold:   2432       SH:  0    Dex: 23    Spells: 14/14 levels left

rFire    . . .     SeeInvis +   O - +6 executioner's axe (distort)
rCold    . . .     Gourm    .   (shield currently unavailable)
rNeg     . . .     Faith    .   q - +3 ring mail "Udaip" {Dex+4 Stlth+}
rPois    .         Spirit   .   (helmet restricted)
rElec    .         Reflect  .   u - +0 cloak
rCorr    .         Harm     +   b - +2 pair of gloves of the Harvest {Int+3}
MR       +++..     Rnd*Rage +   F - +0 pair of boots
Stlth    +++.......             P - amulet of harm
Regen    1.4/turn               i - ring of see invisible
MPRegen  0.2/turn               e - +4 ring of dexterity

@: lethally poisoned (-33 -> -35), regenerating, slowed, drained, very slow
A: retaliatory headbutt, horns 2, thin skeletal structure 1, berserk 1, robust
1, strong 1
a: Berserk, Trog's Hand, Brothers in Arms, Burn Spellbooks, Renounce Religion


You were on level 2 of the Orcish Mines.
You worshipped Trog.
Trog was extremely pleased with you.
You were very hungry.

You visited 3 branches of the dungeon, and saw 21 of its levels.
You also visited: Sewer and Ossuary.

You collected 2432 gold pieces.

Inventory:

Hand Weapons
 C - a +6 antimagic executioner's axe
 O - a +6 executioner's axe of distortion (weapon)
Armour
 b - the +2 pair of gloves of the Harvest (worn) {Int+3}
   (You found it on level 3 of the Lair of Beasts)

   It affects your intelligence (+3).
 q - the +3 ring mail "Udaip" (worn) {Dex+4 Stlth+}
   (You found it on level 4 of the Lair of Beasts)

   It affects your dexterity (+4).
   It makes you more stealthy.
 s - +2 ice dragon scales
 u - a +0 cloak (worn)
 E - a +0 ring mail of fire resistance
 F - a +0 pair of boots (worn)
Jewellery
 e - a +4 ring of dexterity (right hand)
 i - a ring of see invisible (left hand)
 m - an uncursed ring of flight
 P - an amulet of harm (around neck)
 S - an uncursed ring of poison resistance
Wands
 k - a wand of lightning (2/15)
 K - a wand of iceblast (10/15)
Scrolls
 d - 7 scrolls of blinking
 g - 15 scrolls of teleportation
 h - 8 scrolls of remove curse
 l - a scroll of recharging
 t - 2 scrolls of fear
 v - a scroll of silence
 y - a scroll of summoning
 A - a scroll of fog
 I - 2 scrolls of magic mapping
 N - 4 scrolls of identify
Potions
 j - 4 potions of flight
 n - 3 potions of ambrosia
 o - 8 potions of brilliance
 p - 6 potions of might
 r - 6 potions of haste
 x - 6 potions of curing
 z - 2 potions of agility
 B - a potion of cancellation
 L - a potion of invisibility
 M - a potion of berserk rage
 Q - a potion of resistance
 R - 2 potions of heal wounds
 X - a potion of magic
Books
 w - a book of Changes

   Spells                             Type                      Level
   a - Beastly Appendage              Transmutation                1
   b - Sticks to Snakes               Transmutation                2
   c - Spider Form                    Transmutation/Poison         3
   d - Ice Form                       Ice/Transmutation            4
   e - Blade Hands                    Transmutation                5
   Trog disapproves of the use of such an item.
 U - a book of Flames

   Spells                             Type                      Level
   a - Flame Tongue                   Conjuration/Fire             1
   b - Throw Flame                    Conjuration/Fire             2
   c - Conjure Flame                  Conjuration/Fire             3
   d - Inner Flame                    Hexes/Fire                   3
   e - Sticky Flame                   Conjuration/Fire             4
   f - Fireball                       Conjuration/Fire             5
   Trog disapproves of the use of such an item.
Miscellaneous
 G - a lightning rod (4/4)
Comestibles
 a - 4 royal jellies
 c - 15 bread rations
 f - 5 meat rations
 D - a chunk of flesh
 J - 16 fruits


   Skills:
 + Level 11.6(10.8) Fighting
 - Level 25.1(24.1) Axes
 + Level 9.3(8.5) Armour
 + Level 6.3(5.7) Dodging


You had 14 spell levels left.
You didn't know any spells.

Dungeon Overview and Level Annotations

Branches:
Dungeon (13/15)            Temple (0/1) D:5            Lair (6/6) D:8
 Shoals (0/4) Lair:2       Spider (0/4) Lair:4        Slime (0/5) Lair:5
    Orc (2/2) D:9             Elf (0/3) Orc:2        Vaults (0/5) D:13

Altars:
Elyvilon
Gozag
Hepliaklqana
Kikubaaqudgha
Okawaru
Qazlal
Wu Jian

Shops:
D:8 [   Orc:1 (   Orc:2 !

Annotations:
Lair:5 exclusion: 3 oklob plants


Innate Abilities, Weirdness & Mutations

You reflexively headbutt those who attack you in melee.
You have a pair of horns on your head.
You have a somewhat thin skeletal structure. (Dex +2, Stealth)
You tend to lose your temper in combat.
You are robust. (+10% HP)
Your muscles are strong. (Str +2)


Message History

You feel sick.
The orc knight roars a battlecry!
The orc knight goes into a battle-frenzy!
The orc high priest utters an invocation to Beogh.
You feel a strong urge to attack something.
You are no longer berserk.
You are exhausted.
You feel yourself slow down.
You feel sick.
The orc knight roars a battlecry!
Your skin crawls.
You feel resistant to hostile enchantments.
You are feeling very hungry.
You feel very sick.
The orc knight unwields an uncursed long sword.
The orc knight wields an arbalest.
The orc knight shoots a bolt.
The bolt misses the orc wizard.
The bolt hits you!
* * * LOW HITPOINT WARNING * * *
The orc sorcerer points at you and mumbles some strange words.
The bolt of negative energy hits you!
You feel drained.
You die...

####...#.##
##.####
######.######
#...........###
...####.####...##
#.######..##
#.#...###..#
#.#.....##.#
#.#.....)#@# ...
#.)oo# .. ##o3##
#.)#


.ooo# ..##..# o.# ..## # .∩# ## You could see 2 orc knights, an orc high priest,
a sun demon, an orc sorcerer, an orc warrior and an orc wizard (invisible).

Vanquished Creatures
  An ettin (Orc:1)
  Josephine (Lair:6)
  3 vault guards (D:13)
  A centaur warrior (D:12)
  10 hydras
  2 catoblepae
  3 two-headed ogres
  9 death yaks
  Sonja (Lair:1)
  4 unseen horrors
  3 lindwurms (Lair:6)
  Pikel (D:4)
  An orc knight (Orc:1)
  A deep elf mage (D:12)
  2 orc sorcerers
  A manticore (D:7)
  2 ugly things
  An oklob plant (Lair:4)
  3 cyclopes (D:11)
  6 black mambas
  17 elephants
  Joseph (D:9)
  15 spiny frogs
  4 gargoyles
  A centaur skeleton (D:12)
  3 komodo dragons
  A kobold demonologist (D:12)
  3 rime drakes
  A tengu conjurer (D:13)
  2 trolls
  3 polar bears
  5 merfolk
  A hornet (D:11)
  3 meliai (D:13)
  14 hippogriffs
  9 blink frogs
  Grinder (D:3)
  2 dream sheep (Lair:6)
  3 redbacks (Lair:4)
  A wyvern (Lair:3)
  4 fire bats (Lair:3)
  4 wraiths
  The ghost of drock42 the Sneak, an amateur SpAE (Sewer)
  49 yaks
  6 basilisks
  Menkaure (D:4)
  A steam dragon (Lair:2)
  A vampire mosquito (D:11)
  3 swamp worms (Lair:3)
  13 water moccasins
  6 porcupines
  14 orc warriors
  A slave (D:4)
  3 phantoms
  An eye of draining (D:8)
  4 ice beasts
  5 sky beasts
  A necrophage (D:10)
  5 wolves
  9 ogres
  7 centaurs
  6 big kobolds
  15 crocodiles
  Blork the orc (D:4)
  21 bullfrogs
  A gnoll sergeant (D:13)
  4 water moccasin zombies (Ossuary)
  4 scorpions
  2 water moccasin skeletons
  5 killer bees
  A howler monkey (D:7)
  An electric eel (Lair:5)
  4 crimson imps
  2 quasits
  4 bullfrog skeletons
  A bullfrog zombie (D:13)
  A centaur zombie (D:11)
  4 hounds
  4 jellies
  23 orc priests
  19 orc wizards
  Natasha (twice) (D:3)
  6 iguanas
  10 worker ants
  9 big kobold zombies
  A hound zombie (D:11)
  3 mummies
  A worker ant zombie (D:6)
  5 gnolls (D:13)
  15 adders
  A river rat (D:4)
  9 shadow imps
  2 ufetubi (Sewer)
  4 oozes
  5 adder zombies (Ossuary)
  2 adder skeletons
  17 worms
  A dart slug (D:1)
  6 leopard geckos
  57 orcs
  2 ball pythons
  11 giant cockroaches
  8 hobgoblins
  11 jackals
  39 kobolds
  3 quokkas
  7 bats
  4 frilled lizards
  A gnoll zombie (Ossuary)
  9 goblins
  5 hobgoblin zombies (Ossuary)
  2 kobold zombies (Ossuary)
  A leopard gecko zombie (D:5)
  3 orc zombies (Ossuary)
  11 rats
  6 fungi
  4 plants
691 creatures vanquished.

Vanquished Creatures (collateral kills)
  4 vault guards (D:13)
  3 slime creatures (D:13)
7 creatures vanquished.

Vanquished Creatures (others)
  A vault guard (D:13)
  A catoblepas (Lair:6)
  A death yak (Lair:4)
  An orc knight (Orc:2)
  A slime creature (D:13)
  2 elephants (Lair:6)
  A spiny frog (Lair:2)
  3 yaks
  A water moccasin (Lair:1)
  A big kobold (Sewer)
  An electric eel (Lair:5)
  An adder (D:4)
  2 oozes
  A worm (Lair:3)
  An orc (Orc:1)
  A giant cockroach (D:4)
  A kobold zombie (Sewer)
  13 fungi
  7 plants
41 creatures vanquished.

Grand Total: 739 creatures vanquished

Notes
Turn   | Place    | Note
-------+----------+-------------------------------------------
     0 | D:1      | scalarboson the Minotaur Berserker began the quest for the Orb.
     0 | D:1      | Reached XP level 1. HP: 19/19 MP: 0/0
   133 | D:1      | Reached skill level 4 in Axes
   346 | D:1      | Reached XP level 2. HP: 26/26 MP: 1/1
   888 | D:2      | Reached skill level 5 in Axes
   931 | D:2      | Reached XP level 3. HP: 30/31 MP: 2/2
   982 | D:2      | Reached ** piety under Trog
  1215 | D:2      | Reached XP level 4. HP: 39/39 MP: 3/3
  1255 | D:3      | Noticed Grinder
  1264 | D:3      | Paralysed by Grinder for 6 turns
  1273 | D:3      | Paralysed by Grinder for 4 turns
  1279 | D:3      | Killed Grinder
  1279 | D:3      | Reached skill level 8 in Axes
  1279 | D:3      | Reached XP level 5. HP: 17/45 MP: 4/4
  1487 | D:3      | Found a hazy altar of Hepliaklqana.
  1660 | D:3      | Noticed Natasha
  1664 | D:3      | Killed Natasha
  1664 | D:3      | Reached XP level 6. HP: 51/51 MP: 5/5
  1819 | D:3      | Noticed Natasha
  1829 | D:3      | Killed Natasha
  1909 | D:4      | Noticed Menkaure
  1916 | D:4      | Killed Menkaure
  1916 | D:4      | Reached skill level 9 in Axes
  1968 | D:4      | Noticed Blork the orc
  1977 | D:4      | Killed Blork the orc
  1977 | D:4      | Reached XP level 7. HP: 57/57 MP: 6/6
  2108 | D:4      | Found an iron altar of Okawaru.
  2124 | D:4      | Reached *** piety under Trog
  2124 | D:4      | Reached skill level 10 in Axes
  2218 | D:4      | Noticed Pikel
  2223 | D:4      | Killed Pikel
  2223 | D:4      | Reached skill level 11 in Axes
  2223 | D:4      | Reached XP level 8. HP: 64/64 MP: 7/7
  2230 | D:4      | Reached skill level 12 in Axes
  2597 | D:4      | Found a glowing drain.
  2608 | Sewer    | Entered a sewer
  2659 | Sewer    | Noticed drock42's ghost (amateur SpAE)
  2671 | Sewer    | Killed drock42's ghost
  2710 | Sewer    | Reached **** piety under Trog
  2777 | Sewer    | Found a burning altar of Makhleb.
  2790 | Sewer    | Reached skill level 13 in Axes
  3308 | D:5      | Entered Level 5 of the Dungeon
  3525 | D:5      | Reached XP level 9. HP: 57/70 MP: 8/8
  3555 | D:5      | Reached skill level 14 in Axes
  3699 | D:5      | Found a staircase to the Ecumenical Temple.
  3743 | D:5      | Found an ancient bone altar of Kikubaaqudgha.
  3837 | D:5      | Gained mutation: Scrolls take you a little longer to read. [mutagenic meat]
  3839 | D:5      | Gained mutation: You are resistant to hostile enchantments. (MR+) [mutagenic meat]
  3840 | D:5      | Gained mutation: Your magical capacity is low. (-10% MP) [mutagenic meat]
  4003 | D:6      | Reached ***** piety under Trog
  4332 | D:6      | Found a sand-covered staircase.
  4354 | D:6      | Reached skill level 15 in Axes
  4362 | Ossuary  | Entered an ossuary
  4727 | D:6      | Lost mutation: Scrolls take you a little longer to read. [potion of mutation]
  4727 | D:6      | Lost mutation: You are resistant to hostile enchantments. (MR+) [potion of mutation]
  4727 | D:6      | Lost mutation: Your magical capacity is low. (-10% MP) [potion of mutation]
  4727 | D:6      | Gained mutation: You are robust. (+10% HP) [potion of mutation]
  4727 | D:6      | Gained mutation: Your muscles are strong. (Str +2) [potion of mutation]
  4727 | D:6      | Gained mutation: You tend to lose your temper in combat. [potion of mutation]
  4727 | D:6      | Gained mutation: You have a somewhat thin skeletal structure. (Dex +2, Stealth) [potion of mutation]
  4776 | D:6      | Received a gift from Trog
  4894 | D:6      | Reached skill level 16 in Axes
  5330 | D:7      | Reached XP level 10. HP: 77/84 MP: 9/9
  5445 | D:7      | Found an ornate altar of the Wu Jian Council.
  5598 | D:7      | Noticed a manticore
  5605 | D:7      | Killed a manticore
  5605 | D:7      | Reached skill level 17 in Axes
  6178 | D:8      | Noticed an elephant
  6179 | D:8      | Found a staircase to the Lair.
  6186 | D:8      | Killed an elephant
  6186 | D:8      | Reached skill level 18 in Axes
  6350 | D:8      | Found Xuugg's Antique Armour Emporium.
  6774 | D:9      | Found an opulent altar of Gozag.
  6974 | D:9      | Reached XP level 11. HP: 78/90 MP: 10/10
  7080 | D:9      | Noticed a two-headed ogre
  7083 | D:9      | Killed a two-headed ogre
  7083 | D:9      | Reached skill level 19 in Axes
  7162 | D:9      | Noticed Joseph
  7170 | D:9      | Killed Joseph
  7214 | D:9      | Found a stormy altar of Qazlal.
  7316 | D:9      | Found a staircase to the Orcish Mines.
  7447 | D:10     | Entered Level 10 of the Dungeon
  7577 | D:10     | Received a gift from Trog
  8239 | D:11     | Paralysed by a hornet for 1 turns
  8300 | D:11     | Noticed a two-headed ogre
  8302 | D:11     | Killed a two-headed ogre
  8306 | D:11     | Noticed an unseen horror
  8306 | D:11     | Noticed a four-headed hydra
  8308 | D:11     | Reached skill level 20 in Axes
  8317 | D:11     | Killed an unseen horror
  8337 | D:11     | Noticed a centaur warrior
  8340 | D:11     | Noticed an unseen horror
  8345 | D:11     | Killed an unseen horror
  8412 | D:11     | Killed a ten-headed hydra
  8578 | D:11     | Got an ichor-stained helmet
  8579 | D:11     | Identified the +0 helmet "Fyxtuev" {rPois Str-3 Dex-2 SInv} (You found it on level 11 of the Dungeon)
  8795 | D:11     | Reached skill level 21 in Axes
  8798 | D:11     | Reached XP level 12. HP: 99/99 MP: 11/11
  9427 | D:12     | Killed a centaur warrior
  9736 | D:12     | Reached skill level 22 in Axes
  9932 | D:12     | Noticed a catoblepas
  9948 | D:12     | Killed a catoblepas
  9967 | D:12     | Got an ancient long sword
  9968 | D:12     | Identified the +10 long sword of Spontaneous Combustion {flame, Fragile rElec rPois Str+4} (You found it on level 12 of the Dungeon)
 10015 | D:12     | Found a white marble altar of Elyvilon.
 10310 | D:12     | Got a pitted scimitar
 10311 | D:12     | Identified the +6 scimitar "Bexyulu" {venom, Dex+4} (You found it on level 12 of the Dungeon)
 10864 | D:13     | Reached ****** piety under Trog
 10864 | D:13     | Received a gift from Trog
 11035 | D:13     | Noticed a centaur warrior
 11076 | D:13     | Reached skill level 23 in Axes
 11119 | D:13     | Noticed a vault guard
 11119 | D:13     | Noticed a vault guard
 11126 | D:13     | Found a gate to the Vaults.
 11126 | D:13     | Noticed a vault guard
 11126 | D:13     | Noticed a vault guard
 11126 | D:13     | Noticed a vault guard
 11126 | D:13     | Noticed a vault guard
 11128 | D:13     | Noticed a vault guard
 11128 | D:13     | Noticed a vault guard
 11134 | D:13     | Killed a vault guard
 11137 | D:13     | Killed a vault guard
 11139 | D:13     | Killed a vault guard
 11139 | D:13     | Reached XP level 13. HP: 43/104 MP: 12/12
 11846 | Lair:1   | Entered Level 1 of the Lair of Beasts
 12469 | Lair:1   | Reached skill level 24 in Axes
 12547 | Lair:1   | Noticed Sonja
 12551 | Lair:1   | Killed Sonja
 12903 | Lair:2   | Found a staircase to the Shoals.
 14558 | Lair:3   | Received a gift from Trog
 14591 | Lair:3   | Got a pair of bloodstained gloves
 14600 | Lair:3   | Identified the +2 pair of gloves of the Harvest {Int+3} (You found it on level 3 of the Lair of Beasts)
 14753 | Lair:4   | Found a hole to the Spider Nest.
 14757 | Lair:4   | Reached skill level 25 in Axes
 14891 | Lair:4   | Got a jewelled ring mail
 14914 | Lair:4   | Identified the +3 ring mail "Udaip" {Dex+4 Stlth+} (You found it on level 4 of the Lair of Beasts)
 15156 | Lair:4   | Reached XP level 14. HP: 104/115 MP: 13/13
 15637 | Lair:5   | Reached skill level 5 in Fighting
 15960 | Lair:5   | Found a staircase to the Slime Pits.
 16257 | Lair:5   | Reached skill level 5 in Armour
 16471 | Lair:6   | Entered Level 6 of the Lair of Beasts
 16937 | Lair:6   | Noticed Josephine
 16950 | Lair:6   | Killed Josephine
 17097 | Lair:6   | Received a gift from Trog
 17097 | Lair:6   | Reached skill level 5 in Dodging
 17431 | Lair:6   | Reached skill level 10 in Fighting
 17962 | Lair:6   | Reached XP level 15. HP: 140/140 MP: 14/14
 18778 | Orc:1    | Entered Level 1 of the Orcish Mines
 19280 | Orc:1    | Found Kamiaklit's Antique Weapon Emporium.
 19368 | Orc:2    | Entered Level 2 of the Orcish Mines
 19402 | Orc:2    | Found a staircase to the Elven Halls.
 19536 | Orc:2    | Received a gift from Trog
 19682 | Orc:2    | Found Ruetruag's Distillery.
 19689 | Orc:2    | Paralysed by an orc sorcerer for 7 turns
 19700 | Orc:2    | HP: 3/143 [orc knight/bolt (19)]
 19700 | Orc:2    | Killed from afar by an orc sorcerer

Vault maps used:
D:1:      dpeg_arrival_short_road
D:3:      lemuel_doored_altar, uniq_natasha, uniq_grinder
D:4:      lightli_sewer_entry_pipes, kennysheep_okawaru_gauntlet, uniq_menkaure,
          uniq_blork_the_orc, uniq_pikel
D:5:      minmay_temple_entry_crystal_x, first_bread, basic_altar
D:6:      gup_ossuary_entry_pyramid, kennysheep_windowed_goal
D:7:      cheibrodos_barr_body, kennysheep_little_box
D:8:      david_lair_generic, serial_shops, nicolae_shop_trees
D:9:      kennysheep_mini, marbit_many_paths, orc_0_dummy, hangedman_fish_farm,
          uniq_joseph
D:10:     grunt_ministairs_6
D:11:     minmay_the_grid_square_5x5_3x3
D:12:     basic_altar, lightli_fourway_metalbox
D:13:     erik_vaults_2, minivault_12
Lair:1:   uniq_sonja
Lair:2:   elwin_shoals_entry_stream, beast_lair_carwin_6
Lair:3:   st_stairs_5, worms_lemuel
Lair:4:   spider_nest_entry_webs, minmay_lair_oklob_items,
          hangedman_lair_unloving_vines, beast_lair_carwin_3
Lair:5:   minmay_slime_entry_oklob_enclosed, st_stairs_11
Lair:6:   hangedman_lair_in_review, uniq_josephine
Orc:1:    serial_shops, nicolae_shop_trees
Orc:2:    st_orc_elflike, serial_shops, shop, uniq_erolcha
Sewer:    kennysheep_sewer_church
Ossuary:  ossuary_tomb_2

Skill      XL: |  1  2  3  4  5  6  7  8  9 10 11 12 13 14 15 |
---------------+----------------------------------------------+-----
Axes           | 4 5 8 9 11 13 16 18 21 23 25 | 25.1
Fighting       | 4 10 11 | 11.6
Armour         | 3 8 9 |  9.3
Dodging        | 5 6 |  6.3

Action                   |  1- 3 |  4- 6 |  7- 9 | 10-12 | 13-15 || total
-------------------------+-------+-------+-------+-------+-------++-------
Melee: Hand axe          |    79 |    47 |   417 |       |       ||   543
       Headbutt          |    14 |     8 |    92 |    64 |   117 ||   295
       Battleaxe         |       |       |    18 |   232 |       ||   250
       Executioner's axe |       |       |       |   123 |   474 ||   597
Invok: Berserk           |       |     3 |     8 |     7 |    14 ||    32
       Trog's Hand       |       |       |     1 |     2 |     3 ||     6
       Burn Spellbooks   |       |       |       |     1 |     1 ||     2
       Brothers in Arms  |       |       |       |     1 |     2 ||     3
  Use: Scroll            |       |       |    13 |    15 |     6 ||    34
       Potion            |       |       |    13 |     4 |     3 ||    20
 Stab: Sleeping          |     1 |       |       |       |     6 ||     7
       Invisible         |       |       |       |       |     3 ||     3
       Distracted        |       |       |       |       |     2 ||     2
       Petrifying        |       |       |       |       |     1 ||     1
  Eat: Chunk             |     1 |     4 |    11 |    17 |    22 ||    55
       Meat ration       |       |       |     1 |     1 |     1 ||     3
       Bread ration      |       |       |     2 |       |     3 ||     5
       Royal jelly       |       |       |       |     1 |     1 ||     2
Armor: Animal skin       |     1 |       |       |       |       ||     1
       Ring mail         |    21 |    10 |       |       |    94 ||   125
       Ice dragon scales |       |     8 |   183 |   182 |    81 ||   454
       Skin              |       |       |     1 |       |       ||     1
Dodge: Dodged            |    54 |    24 |   183 |   162 |   220 ||   643
